 Dungeon Crawl Stone Soup version 0.18.1-5-g4a78601 (webtiles) character file.

3708 shmeve the Fighter (level 9, -4/85 HPs)
             Began as a Minotaur Berserker on May 10, 2016.
             Was an Elder of Trog.
             Slain by Prince Ribbit (13 damage)
             ... on level 8 of the Dungeon.
             The game lasted 00:14:32 (7013 turns).

shmeve the Fighter (Minotaur Berserker)             Turns: 7013, Time: 00:14:32

Health: -4/85      AC: 17    Str: 24    XL:     9   Next: 91%
Magic:  8/8        EV:  9    Int:  5    God:    Trog [****..]
Gold:   271        SH:  0    Dex: 10    Spells: 0 memorised, 8 levels left

rFire  . . .     SeeInvis .     F - +0 war axe
rCold  . . .     Gourm    +     E - +0 plate armour
rNeg   . . .     Faith    .     (no shield)
rPois  .         Spirit   .     (helmet restricted)
rElec  .         Dismiss  .     b - +0 cloak
rCorr  .         Reflect  .     a - +0 pair of gloves
SustAt .         Harm     .     r - +0 pair of boots
MR     ++...                    i - amulet of the gourmand
Stlth  ..........               (no ring)
                                (no ring)

@: exhausted, regenerating, slowed, very slow, very resistant to hostile
enchantments, extremely unstealthy
A: retaliatory headbutt, horns 2
a: Berserk, Trog's Hand, Brothers in Arms, Burn Spellbooks, Renounce Religion


You were on level 8 of the Dungeon.
You worshipped Trog.
Trog was greatly pleased with you.
You were very full.

You visited 1 branch of the dungeon, and saw 8 of its levels.
You also visited: Ossuary.

You collected 271 gold pieces.

Inventory:

Hand Weapons
 F - a +0 war axe (weapon)
Armour
 a - a +0 pair of gloves (worn)
 b - a +0 cloak (worn)
 r - a +0 pair of boots (worn)
 E - a +0 plate armour (worn)
Jewellery
 i - an amulet of the gourmand (around neck)
Scrolls
 d - 9 scrolls of identify
 j - 2 scrolls of magic mapping {unknown}
 l - 2 scrolls of random uselessness {unknown}
 t - a scroll of remove curse
 u - a scroll of enchant weapon {unknown}
 x - a scroll of fog {unknown}
 y - 2 scrolls of recharging {unknown}
 B - 2 scrolls of enchant armour {unknown}
 C - a scroll of immolation {unknown}
 D - a scroll of noise {unknown}
Potions
 e - 2 potions of cure mutation {unknown}
 f - 2 potions of heal wounds {unknown}
 g - a potion of flight {unknown}
 k - 2 potions of curing {unknown}
 m - a potion of lignification {unknown}
 n - 2 potions of invisibility {unknown}
 o - 2 potions of agility
 q - a potion of ambrosia {unknown}
 s - a potion of berserk rage {unknown}
 v - 3 potions of haste {unknown}
 w - 2 potions of might {unknown}
 z - a potion of magic {unknown}
Comestibles
 c - 6 bread rations
 h - 4 chunks of flesh
 p - 3 meat rations
 A - a slice of pizza


   Skills:
 * Level 10.0 Fighting
 * Level 9.6 Axes
 + Level 5.2 Throwing
 + Level 6.8 Armour
 + Level 6.3 Dodging


You had 8 spell levels left.
You didn't know any spells.

Dungeon Overview and Level Annotations

Branches:
Dungeon (8/15)             Temple (0/1) D:6            Lair (0/8) D:8

Altars:
Ashenzari
Fedhas
Kikubaaqudgha
Okawaru
Pakellas
Qazlal
Ru
Yredelemnul
The Shining One

Shops:
D:6 :}!?

Annotations:
D:8 Prince Ribbit


Innate Abilities, Weirdness & Mutations

You reflexively headbutt those who attack you in melee.
You have a pair of horns on your head.


Message History

Found 14 bolts and 13 gold pieces.
You swap places.
Prince Ribbit catches a spider with his tongue.
Prince Ribbit hits you! Prince Ribbit hits you. Prince Ribbit hits you!
* * * LOW HITPOINT WARNING * * *
You miss Prince Ribbit. Your headbutt misses Prince Ribbit.
Prince Ribbit is lightly wounded.
Prince Ribbit closely misses you. You furiously retaliate!
You headbutt Prince Ribbit. Prince Ribbit hits you.
* * * LOW HITPOINT WARNING * * *
You miss Prince Ribbit. You headbutt Prince Ribbit!
Prince Ribbit is heavily wounded.
Prince Ribbit hits you but does no damage.
Prince Ribbit hits you.
* * * LOW HITPOINT WARNING * * *
You hit Prince Ribbit. Your headbutt misses Prince Ribbit.
Prince Ribbit is heavily wounded.
Prince Ribbit misses you. Prince Ribbit hits you!
You die...

####### ##### #.....#
.... #.p...# ..$ #.....#
(. #.....# #.# #.
#)†...# #.#
#.########[†...### #.#
#.#...F@...(p.$.....[
#.#
#.......########.....
######.#########.######
....
........................
F..
........................
..
.................######.
. ######......######
.#.......#### .#.###.#.#
#########


You could see Prince Ribbit and a neutral freed slave (wandering).

Vanquished Creatures
  Pikel (D:8)
  The ghost of Buffagor the Covered, an amateur GrFi (Ossuary)
  2 wraiths (Ossuary)
  Menkaure (D:7)
  2 hell hounds (D:8)
  An orc warrior (D:8)
  A slave (D:8)
  An ice beast (D:6)
  A sky beast (D:7)
  A phantom (D:5)
  A necrophage (D:7)
  4 ogres
  A centaur (D:8)
  Blork the orc (D:5)
  2 giant frogs
  2 scorpions
  3 howler monkeys (D:8)
  2 wights (Ossuary)
  2 crimson imps (D:6)
  A quasit (D:6)
  2 giant frog skeletons
  A giant frog zombie (D:5)
  3 hounds
  Crazy Yiuf (D:7)
  A gnoll shaman (D:6)
  5 orc priests
  4 iguanas
  4 orc wizards
  5 worker ants
  A hound zombie (D:6)
  11 gnolls
  10 adders
  3 oozes
  2 adder skeletons
  An adder zombie (Ossuary)
  A worm (D:2)
  4 dart slugs
  6 giant geckos
  27 orcs
  2 ball pythons
  5 giant cockroaches
  2 gnoll zombies (D:3)
  9 goblins
  5 hobgoblins
  5 jackals
  2 quokkas
  2 ball python skeletons (Ossuary)
  11 bats
  2 hobgoblin zombies (Ossuary)
  5 kobolds
  3 orc skeletons (Ossuary)
  2 orc zombies (Ossuary)
  5 rats
183 creatures vanquished.

Vanquished Creatures (others)
  A slave (D:8)
  A howler monkey (D:8)
2 creatures vanquished.

Grand Total: 185 creatures vanquished

Notes
Turn   | Place    | Note
--------------------------------------------------------------
     0 | D:1      | shmeve the Minotaur Berserker began the quest for the Orb.
     0 | D:1      | Reached XP level 1. HP: 19/19 MP: 0/0
   525 | D:1      | Reached XP level 2. HP: 19/27 MP: 1/1
   865 | D:1      | Reached skill level 4 in Fighting
  1008 | D:1      | Reached XP level 3. HP: 20/33 MP: 2/2
  1231 | D:2      | Reached ** piety under Trog
  1698 | D:2      | Found an iron altar of Okawaru.
  1704 | D:2      | Reached XP level 4. HP: 41/41 MP: 3/3
  1996 | D:3      | Reached skill level 5 in Fighting
  2282 | D:3      | Found a blossoming altar of Fedhas.
  2284 | D:3      | Found a stormy altar of Qazlal.
  2424 | D:3      | Found a basalt altar of Yredelemnul.
  2472 | D:3      | Reached XP level 5. HP: 44/48 MP: 4/4
  2554 | D:3      | Found a shattered altar of Ashenzari.
  2565 | D:3      | Found a sacrificial altar of Ru.
  2576 | D:3      | Found a glowing golden altar of the Shining One.
  2614 | D:3      | Found an ancient bone altar of Kikubaaqudgha.
  2741 | D:4      | Reached skill level 1 in Throwing
  2845 | D:4      | Reached skill level 5 in Axes
  2865 | D:4      | Reached *** piety under Trog
  2905 | D:4      | Reached XP level 6. HP: 43/56 MP: 5/5
  3161 | D:4      | Reached skill level 6 in Fighting
  3637 | D:5      | Entered Level 5 of the Dungeon
  3683 | D:5      | Noticed Blork the orc
  3695 | D:5      | Killed Blork the orc
  3789 | D:5      | Reached XP level 7. HP: 34/64 MP: 6/6
  4200 | D:5      | Found a sand-covered staircase.
  4207 | Ossuary  | Entered an ossuary
  4244 | Ossuary  | Noticed Buffagor's ghost (amateur GrFi)
  4260 | Ossuary  | Killed Buffagor's ghost
  4260 | Ossuary  | Reached skill level 7 in Fighting
  4308 | Ossuary  | Noticed a wraith
  4308 | Ossuary  | Noticed a flying skull
  4348 | Ossuary  | Noticed a wraith
  4358 | Ossuary  | Killed a wraith
  4358 | Ossuary  | Reached XP level 8. HP: 43/73 MP: 7/7
  4386 | Ossuary  | Noticed a flying skull
  4387 | Ossuary  | Noticed a flying skull
  4442 | Ossuary  | Reached skill level 5 in Armour
  4865 | D:6      | Found Aro Woas's Gadget Boutique.
  4909 | D:6      | Reached skill level 8 in Fighting
  4922 | D:6      | Received a gift from Trog
  4931 | D:6      | Reached skill level 5 in Dodging
  4972 | D:6      | Found Orphosk's Magic Scroll Shoppe.
  5051 | D:6      | Found Gyuseshri's Distillery.
  5364 | D:6      | Found a staircase to the Ecumenical Temple.
  5494 | D:6      | Found Zimuim's Book Boutique.
  5588 | D:7      | Reached XP level 9. HP: 73/82 MP: 8/8
  5676 | D:7      | Noticed Menkaure
  5680 | D:7      | Killed Menkaure
  5680 | D:7      | Reached skill level 9 in Fighting
  5749 | D:7      | Reached **** piety under Trog
  5967 | D:7      | Found an oddly glowing altar of Pakellas.
  6198 | D:7      | Noticed Crazy Yiuf
  6206 | D:7      | Killed Crazy Yiuf
  6296 | D:8      | Found a staircase to the Lair.
  6969 | D:8      | Noticed Pikel
  6984 | D:8      | Killed Pikel
  6984 | D:8      | Reached skill level 5 in Throwing
  6990 | D:8      | Reached skill level 10 in Fighting
  6998 | D:8      | Noticed Prince Ribbit
  7013 | D:8      | Slain by Prince Ribbit

Skill      XL: |  1  2  3  4  5  6  7  8  9 |
---------------+----------------------------+-----
Axes           | 4 5 6 7 8 9 |  9.6
Fighting       | 4 5 6 7 8 10 | 10.0
Armour         | 3 4 5 6 |  6.8
Dodging        | 3 4 5 6 |  6.3
Throwing       | 1 2 4 5 |  5.2

Action                   |  1- 3 |  4- 6 |  7- 9 || total
-------------------------+-------+-------+-------++-------
Melee: Hand axe          |    83 |   141 |   243 ||   467
       Headbutt          |    16 |    28 |    84 ||   128
       War axe           |       |       |    92 ||    92
Invok: Berserk           |     1 |     1 |     5 ||     7
       Burn Spellbooks   |       |     1 |     1 ||     2
       Trog's Hand       |       |       |     1 ||     1
  Use: Scroll            |       |     3 |       ||     3
 Stab: Sleeping          |     2 |       |       ||     2
       Distracted        |       |       |     1 ||     1
  Eat: Chunk             |     2 |     8 |    25 ||    35
Armor: Animal skin       |     4 |       |       ||     4
       Chain mail        |    18 |    84 |   145 ||   247
       Plate armour      |       |       |    43 ||    43
Dodge: Dodged            |    57 |    76 |   160 ||   293
